AoeStats
← PsykotiK Cookie

Black Forest

506672530Analyzed
2v2 RM · 18d ago on Sep 14, 2026· 59m 32s· 4 players
Game mode
Random Map
Map size
Medium (4 player)
Population
200
Speed
Normal
Resources
Standard
Victory
Conquest
Starting age
Dark Age
Ending age
Imperial Age
RankedLock teamsTeams togetherTeam positionsShared explorationLock speedFull tech treeHidden civsTurbo modeCheats
Victory
Defeat
🇫🇷 Inca · France
503
+15
🇹🇷 Bohemians · Türkiye
375
+20
🇦🇷 Bohemians · Argentina
486
-35
🇦🇷 Huns · Argentina
455
-17
rex77731
1:23 Loom
11:37 Feudal Age
17:52 Wheelbarrow
17:03 Town Watch
17:32 Double-Bit Axe
17:31 Horse Collar
23:36 Fletching
23:49 Padded Archer Armor
24:10 Forging
26:48 Castle Age
25:04 Bloodlines
29:53 Bodkin Arrow
30:14 Leather Archer Armor
30:39 Iron Casting
30:31 Bow Saw
31:17 Caravan
32:27 Husbandry
31:58 Crossbowman
32:51 Thumb Ring
33:35 Hand Cart
34:09 Marauders
34:18 Marauders
35:33 Gold Mining
35:33 Stone Mining
35:41 Stone Mining
38:50 Ballistics
42:28 Town Patrol
45:02 Imperial Age
42:33 Town Patrol
44:42 Masonry
44:34 Murder Holes
44:45 Scale Mail Armor
44:50 Scale Barding Armor
45:50 Elite Tarkan
47:09 Atheism
47:27 Conscription
48:00 Capped Ram
49:48 Atheism
51:47 Heavy Cavalry Archer
52:59 Parthian Tactics
Maurusoscuro
17:47 Feudal Age
19:08 Wheelbarrow
18:46 Double-Bit Axe
24:10 Horse Collar
33:10 Castle Age
35:30 Heavy Plow
35:44 Bow Saw
37:20 Hand Cart
45:37 Ballistics
47:29 Chemistry
50:11 Imperial Age
PsykotiK Cookie
13:00 Feudal Age
14:25 Wheelbarrow
13:36 Town Watch
15:27 Double-Bit Axe
15:23 Horse Collar
15:34 Gold Mining
20:13 Forging
20:53 Fletching
23:01 Arson
24:37 Scale Mail Armor
29:47 Castle Age
28:40 Padded Archer Armor
28:46 Stone Mining
30:14 Crossbowman
31:00 Thumb Ring
31:42 Bodkin Arrow
35:04 Hand Cart
34:50 Town Patrol
35:40 Andean Sling
39:20 Heavy Plow
39:31 Bow Saw
39:57 Gold Shaft Mining
39:57 Stone Shaft Mining
42:09 Imperial Age
42:05 Leather Archer Armor
42:06 Chain Mail Armor
42:26 Iron Casting
42:34 Elite Kamayuk
43:16 Fabric Shields
45:15 Ring Archer Armor
45:16 Plate Mail Armor
44:46 Bracer
pazik
13:51 Feudal Age
14:33 Double-Bit Axe
15:21 Loom
15:26 Horse Collar
17:26 Wheelbarrow
26:52 Castle Age
27:43 Bow Saw
30:31 Caravan
31:10 Hand Cart
31:40 Heavy Plow
35:04 Fervor
36:43 Town Watch
37:20 Forging
37:11 Scale Mail Armor
37:17 Padded Archer Armor
37:25 Scale Barding Armor
41:01 Imperial Age
38:08 Pikeman
38:51 Squires
38:35 Treadmill Crane
39:56 Chemistry
39:30 Sanctity
42:43 Two-Man Saw
41:57 Siege Engineers
42:03 Masonry
42:15 Ballistics
43:44 Conscription
42:48 Elite Hussite Wagon
45:32 Halberdier
47:51 Architecture
47:17 Murder Holes
51:46 Iron Casting
51:27 Chain Mail Armor
53:24 Fortified Wall
53:37 Bombard Tower
52:48 Elite Skirmisher
53:24 Cavalier
54:06 Husbandry
56:05 Houfnice
57:43 Plate Mail Armor
57:31 Leather Archer Armor
57:06 Fletching
Connection lost

Rejoining the realm…

Still unreachable

The connection could not be restored.

Session expired

The server has moved on; the page needs a fresh start.